 Dungeon Crawl Stone Soup version 0.30-a0-330-g8f2769a82d (webtiles) character file.

Game seed: 14498755996145651697

573 Kirkhe the Chopper (level 7, -5/54 HPs)
             Began as a Demonspawn Fighter on Oct 28, 2022.
             Was an Initiate of Makhleb.
             Slain by a gnoll
             ... wielding the +5 spear of the Fool {holy, Will+++ MP-9 Int+3}
             ... led by a gnoll sergeant
              (9 damage)
             ... on level 6 of the Dungeon.
             The game lasted 00:05:36 (3931 turns).

Kirkhe the Chopper (Demonspawn Fighter)             Turns: 3931, Time: 00:05:36

Health: -5/54      AC:  8    Str: 19    XL:     7   Next: 12%
Magic:  7/7        EV:  9    Int:  9    God:    Makhleb [......]
Gold:   132        SH:  4    Dex: 12    Spells: 6/6 levels left

rFire   . . .      SeeInvis .    a - +0 war axe (venom)
rCold   + . .      Faith    .    c - +0 buckler
rNeg    . . .      Spirit   .    d - +1 scale mail {rC+}
rPois   +          Reflect  .    w - +0 hat
rElec   .          Harm     .    (no cloak)
rCorr   .          Rampage  .    (no gloves)
Will    +....                    (no boots)
Stlth   ..........               (no amulet)
HPRegen 0.29/turn                n - ring of willpower
MPRegen 0.10/turn                l - ring of poison resistance

@: no status effects
A: ignite blood 1, powered by death 1, sturdy frame 1
a: Renounce Religion


You were on level 6 of the Dungeon.
You worshipped Makhleb.
Makhleb was noncommittal.
You visited 1 branch of the dungeon, and saw 6 of its levels.

You collected 354 gold pieces.
You spent 222 gold pieces at shops.

Inventory:

Hand Weapons
 a - a +0 war axe of venom (weapon)
Missiles
 t - 6 poisoned darts (quivered)
 C - 4 javelins
Armour
 b - a +0 scale mail
 c - a +0 buckler (worn)
 d - a +1 scale mail of cold resistance (worn)
 w - a +0 hat (worn)
Jewellery
 l - a ring of poison resistance (right hand)
 n - a ring of willpower (left hand)
Wands
 s - a wand of flame (28)
Scrolls
 f - a scroll of brand weapon
 i - a scroll of poison
 q - 3 scrolls of teleportation
 r - a scroll of fog
 z - a scroll of silence
 D - a scroll of identify
Potions
 g - a potion of attraction
 h - a potion of heal wounds {unknown}
 k - 3 potions of haste
 m - a potion of ambrosia {unknown}
 o - 2 potions of mutation {unknown}
 p - 2 potions of brilliance
 v - a potion of lignification {unknown}
 B - a potion of flight {unknown}


   Skills:
 + Level 4.2 Fighting
 + Level 5.2 Axes
 + Level 4.2 Armour
 + Level 3.5 Shields


You had 6 spell levels left.
You didn't know any spells.
Your spell library contained the following spells:

 Spells                   Type           Power      Damage    Failure   Level
 Sandblast                Erth           0%         2d4       71%         1
 Passwall                 Tmut/Erth      0%         N/A       85%         2
 Stone Arrow              Conj/Erth      0%         3d7       97%         3
 Petrify                  Tmut/Erth      0%         N/A       100%        4
 Metabolic Englaciation   Hex/Ice        0%         N/A       100%        5
 Statue Form              Tmut/Erth      0%         N/A       100%        6


Dungeon Overview and Level Annotations

Branches:
Dungeon (6/15)             Temple (0/1) D:4

Altars:
Gozag
Makhleb
Qazlal
Wu Jian

Shops:
D:5 *

Annotations:
D:3 exclusion: door


Innate Abilities, Weirdness & Mutations

Your demonic aura sometimes causes spilled blood to erupt in flames.
You regenerate a little health from kills.
Your movements are slightly less encumbered by armour. (ER -2)


Message History

Your life force feels restored.
Unknown command.
You pick up a book of Sloth and begin reading...
You add the spells Petrify, Metabolic Englaciation and Statue Form to your library.
You feel your willpower return.
You see here a +0 spear.
There is a stone staircase leading up here.
You hear the slow hiss of a very distant avalanche of sand.
You climb upwards.
There is a stone staircase leading down here.
There is a stone staircase leading down here.
You climb downwards.
You hear the hiss of flowing sand.
There is an entrance to an ossuary on this level.
Hurry and find it before the portal is buried!
Found a scroll of magic mapping and a book of Dreams.
Found a stone staircase leading down.
There is a stone staircase leading up here.
Unknown command.
You are too injured to fight recklessly!
You are too injured to fight recklessly!
The gnoll closely misses you.
The steam dragon hisses angrily.
The gnoll hits you with the +5 spear of the Fool {holy, Will+++ MP-9 Int+3}!
You convulse.
* * * LOW HITPOINT WARNING * * *
You closely miss the gnoll. You block the gnoll's attack.
The steam dragon breathes steam at you. The ball of steam hits you!
* * * LOW HITPOINT WARNING * * *
You hear a shout!
Unknown command.
Okay, then.
Okay, then.
The gnoll attacks as you move away! The gnoll hits you but does no damage.
You are engulfed in a cloud of scalding steam.
* * * LOW HITPOINT WARNING * * *
The gnoll hits you but does no damage.
There is a stone staircase leading up here.
The gnoll hits you from afar with the +5 spear of the Fool {holy, Will+++ MP-9 Int+3}!
You die...

,* ,* ,* ,* ,**** ,,,,*
,,,,***############
,,,,*,,...........#
,,,,*,,....?....@.#
,,,,+,,...§§§.....####
***,*,,.D..§§..g..##.#
,,,,,,,.....§>.#..:..#
***,***##.###?.#####.#
***,,,,,.,,..........####
,**********##.#.........#
,* *,,.......#####.# ,*
*,,####.#.*#.##.#


You could see a gnoll.

Vanquished Creatures
  A phantom (D:4)
  A necrophage (D:6)
  A scorpion (D:4)
  2 hounds (D:5)
  A jelly (D:4)
  An orc priest (D:3)
  2 iguanas
  Jessica (D:3)
  3 gnolls (D:3)
  8 adders
  A shadow imp (D:5)
  2 ufetubi (D:5)
  2 worms
  12 orcs
  2 bats (D:2)
  6 endoplasms
  5 giant cockroaches
  4 goblins
  A hobgoblin (D:3)
  4 jackals (D:2)
  6 ball pythons
  5 frilled lizards
  3 kobolds
  4 rats
78 creatures vanquished.

Vanquished Creatures (others)
  2 fungi (D:2)
  4 toadstools (D:2)
6 creatures vanquished.

Grand Total: 84 creatures vanquished

Notes
Turn   | Place    | Note
-------+----------+-------------------------------------------
     0 | D:1      | Kirkhe the Demonspawn Fighter began the quest for the Orb.
     0 | D:1      | Reached XP level 1. HP: 18/18 MP: 1/1
   514 | D:1      | Gained mutation: Your movements are slightly less
                  | encumbered by armour. (ER -2) [demonic ancestry]
   514 | D:1      | Reached XP level 2. HP: 24/24 MP: 2/2
   650 | D:2      | Reached skill level 2 in Axes
   767 | D:2      | Reached XP level 3. HP: 28/29 MP: 3/3
  1528 | D:3      | Reached XP level 4. HP: 35/35 MP: 4/4
  1559 | D:3      | Noticed Jessica
  1567 | D:3      | Killed Jessica
  1568 | D:3      | Reached skill level 3 in Axes
  1861 | D:3      | Found a burning altar of Makhleb.
  1866 | D:3      | Gained mutation: You regenerate a little health from kills.
                  | [demonic ancestry]
  1866 | D:3      | Reached XP level 5. HP: 38/41 MP: 5/5
  1873 | D:3      | Became a worshipper of Makhleb the Destroyer
  2161 | D:4      | Found a staircase to the Ecumenical Temple.
  2316 | D:4      | Reached skill level 4 in Axes
  2387 | D:4      | Noticed a phantom
  2397 | D:4      | Killed a phantom
  2398 | D:4      | Gained mutation: Your demonic aura sometimes causes spilled
                  | blood to erupt in flames. [demonic ancestry]
  2398 | D:4      | Reached XP level 6. HP: 39/48 MP: 6/6
  2737 | D:4      | Found a stormy altar of Qazlal.
  2856 | D:5      | Entered Level 5 of the Dungeon
  2982 | D:5      | Found Vioqidyufe's Assorted Antiques.
  3023 | D:5      | Bought a scroll of teleportation for 75 gold pieces
  3023 | D:5      | Bought a small glass ring for 125 gold pieces
  3023 | D:5      | Bought a yellow potion for 22 gold pieces
  3136 | D:5      | Found an opulent altar of Gozag.
  3351 | D:5      | Reached skill level 5 in Axes
  3354 | D:5      | Reached XP level 7. HP: 54/54 MP: 7/7
  3431 | D:5      | Found an ornate altar of the Wu Jian Council.
  3857 | D:6      | Noticed a steam dragon
  3925 | D:6      | Identified the +5 spear of the Fool {holy, Will+++ MP-9
                  | Int+3}
  3931 | D:6      | Slain by a gnoll

Illustrated notes

Levels and vault maps discovered:
D:1:      minmay_arrival_wavy_path, layout_basic
D:2:      layout_rooms, minmay_gold_behind_fungi, grunt_ministairs_5, hex_medium
D:3:      layout_rooms, lightli_temple_of_fire, hangedman_decor_clover_reticule,
          uniq_jessica
D:4:      layout_loops_cross, kennysheep_mini,
          minmay_temple_entry_statues_pillars
D:5:      layout_basic, nicolae_wu_jian_immortal_techniques,
          nicolae_gozag_seed_capital, serial_shops,
          nicolae_shop_advertising_works [nicolae_subvault_shop_adworks]
D:6:      layout_basic, nicolae_ossuary_entry_false_entrances

Skill      XL: |  1  2  3  4  5  6 |
---------------+-------------------+-----
Axes           | 2 3 4 5 |  5.2
Armour         | 3 4 |  4.2
Shields        | 3 |  3.5
Fighting       | 4 |  4.2

Action                   |  1- 3 |  4- 6 |  7- 9 || total
-------------------------+-------+-------+-------++-------
Melee: War axe           |    85 |   120 |    14 ||   219
  Use: Potion            |     3 |       |     1 ||     4
       Scroll            |     4 |     6 |     6 ||    16
Armor: Scale mail        |    47 |    52 |    14 ||   113
Dodge: Dodged            |    42 |    60 |    10 ||   112
Block: Buckler           |    24 |    25 |     7 ||    56

Table legend: (Time is in decaauts)
 A = Elapsed time spent in this place.
 B = Non-inter-level travel time spent in this place.
 C = Inter-level travel time spent in this place.
 D = Time resting spent in this place.
 E = Time spent auto-exploring this place.
 F = Levels seen in this place.
 G = Mean time per level.
                   A        B        C        D        E       F      G
               +--------+--------+--------+--------+--------+-----+--------+
         Total |   4012 |   3758 |    254 |     45 |   3062 |   6 |  668.7 |
       Dungeon |   4012 |   3758 |    254 |     45 |   3062 |   6 |  668.7 |
               +--------+--------+--------+--------+--------+-----+--------+

Top non-repeatable levels by time:
     D:5: 1038 daAuts
     D:4: 854 daAuts
     D:3: 778 daAuts
     D:2: 664 daAuts
     D:1: 620 daAuts
     D:6: 56 daAuts
